 Dungeon Crawl Stone Soup version 0.27.1-3-gb3d3a73c9e (webtiles) character file.

Game seed: 18175583738715064954

3054 Descartes the Arsonist (level 9, -3/45 HPs)
             Began as a Deep Elf Fire Elementalist on Oct 13, 2021.
             Was an Initiate of Gozag.
             Slain by a killer bee (6 damage)
             ... on level 8 of the Dungeon.
             The game lasted 00:26:22 (10106 turns).

Descartes the Arsonist (DEFE)                      Turns: 10106, Time: 00:26:24

Health: -3/45      AC: 10    Str: 12    XL:     9   Next: 57%
Magic:  11/15      EV: 13    Int: 23    God:    Gozag
Gold:   495        SH:  8    Dex: 15    Spells: 2/14 levels left

rFire    + . .     SeeInvis .   G - +6 dagger of Beogh's Benevolence {vorpal, rCorr}
rCold    x . .     Faith    .   h - +3 buckler {reflect}
rNeg     . . .     Spirit   .   O - +2 leather armour {rPois}
rPois    +         Reflect  +   (no helmet)
rElec    .         Harm     .   a - +2 cloak {Will+}
rCorr    +         Rampage  .   (no gloves)
Will     +....                  F - +1 pair of boots
Stlth    +++.......             b - amulet of regeneration
HPRegen  1.15/turn              D - ring of fire
MPRegen  0.14/turn              p - +6 ring of strength

@: gold aura
A: no striking features
a: Renounce Religion, Potion Petition, Call Merchant, Bribe Branch


You were on level 8 of the Dungeon.
You worshipped Gozag.
Gozag was aware of your devotion.
You visited 2 branches of the dungeon, and saw 9 of its levels.
You also visited: Ossuary.

You collected 768 gold pieces.
You spent 197 gold pieces at shops.
You paid 76 gold pieces to Gozag.

Inventory:

Hand Weapons
 r - a +2 mace of holy wrath
 B - a +0 shortbow
 G - the +6 dagger of Beogh's Benevolence (weapon) {vorpal, rCorr}
   (You found it on level 4 of the Dungeon)

   It inflicts extra damage upon your enemies.
   rCorr:     It protects you from acid and corrosion.
 I - a +2 rapier of electrocution
Missiles
 o - 125 arrows
 s - 121 stones
 y - 4 silver javelins
 E - 3 poisoned darts
 K - 10 boomerangs
Armour
 a - a +2 cloak of willpower (worn)
 h - a +3 buckler of reflection (worn)
 F - a +1 pair of boots (worn)
 O - a +2 leather armour of poison resistance (worn)
Jewellery
 b - an amulet of regeneration (around neck)
 p - a +6 ring of strength (right hand)
 D - a ring of fire (left hand)
Wands
 e - a wand of flame (19)
 k - a wand of polymorph (19)
Scrolls
 d - a scroll of enchant weapon
 g - a scroll of acquirement {unknown}
 j - 3 scrolls of blinking
 n - a scroll of silence
 q - 2 scrolls of enchant armour
 v - 3 scrolls of amnesia {unknown}
 w - 3 scrolls of vulnerability
 x - 3 scrolls of torment
 H - a scroll of holy word {unknown}
Potions
 c - 3 potions of mutation {unknown}
 f - 2 potions of ambrosia {unknown}
 i - 2 potions of flight {unknown}
 l - a potion of degeneration {unknown}
 m - 5 potions of curing
 t - a potion of might {unknown}
 u - 2 potions of lignification {unknown}
 z - a potion of heal wounds {unknown}
 A - a potion of resistance {unknown}
 C - a potion of haste {unknown}


   Skills:
 + Level 4.7 Dodging
 + Level 4.9 Stealth
 - Level 4.0 Shields
 - Level 3.0 Spellcasting
 + Level 6.2 Conjurations
 - Level 10.0 Fire Magic
 + Level 3.9 Poison Magic
 + Level 3.4 Evocations


You had 2 spell levels left.
You knew the following spells:

 Your Spells              Type           Power      Damage    Failure   Level
a - Foxfire               Conj/Fire      100%       2x1d9     1%          1
b - Poisonous Vapours     Pois/Air       24%        N/A       10%         2
c - Sticky Flame          Conj/Fire      57%        2d7       5%          4
d - Fireball              Conj/Fire      28%        3d12      14%         5

Your spell library contained the following spells:

 Spells                   Type           Power      Damage    Failure   Level
 Animate Skeleton         Necr           6%         N/A       14%         1
 Pain                     Necr           12%        1d4       14%         1
 Corpse Rot               Necr/Air       N/A        N/A       22%         2
 Slow                     Hex            3%         N/A       22%         2
 Conjure Flame            Conj/Fire      57%        6-21      1%          3
 Inner Flame              Hex/Fire       39%        N/A       5%          3
 Confusing Touch          Hex            3%         N/A       41%         3
 Gell's Gravitas          Tloc           1%         N/A       41%         3
 Lesser Beckoning         Tloc           1%         N/A       41%         3
 Teleport Other           Tloc           3%         N/A       41%         3
 Tukima's Dance           Hex            3%         N/A       41%         3
 Vampiric Draining        Necr           1%         2d6       41%         3
 Passage of Golubria      Tloc           N/A        N/A       82%         4
 Freezing Cloud           Conj/Ice/Air   6%         6-21      87%         5
 Yara's Violent Unravell  Hex/Tmut       1%         3d3       99%         5


Dungeon Overview and Level Annotations

Branches:
Dungeon (8/15)             Temple (1/1) D:4         Ossuary (visited)
   Lair: D:8-11

Altars:
Ashenzari
Cheibriados
Dithmenos
Elyvilon
Fedhas
Gozag
Hepliaklqana
Kikubaaqudgha
Makhleb
Nemelex Xobeh
Okawaru
Ru
Sif Muna
Trog
Uskayaw
Vehumet
Wu Jian
Xom
Yredelemnul
Zin
The Shining One

Shops:
D:4 *   D:5 (:

Annotations:
D:3 2 transporters, AZSletch's ghost, weakling DsGl


Message History

The jelly jiggles.
The killer bee stings you but does no damage.
The killer bee barely misses you.
An orc comes into view. It is wielding a +0 club.
You miss the killer bee.
The killer bee is severely wounded.
You feel sick.
The killer bee stings you but does no damage.
The killer bee barely misses you. You block the killer bee's attack.
The killer bee barely misses you.
You miss the killer bee.
The killer bee is severely wounded.
You feel sick. The killer bee completely misses you.
The killer bee stings you but does no damage.
You block the killer bee's attack.
The killer bee stings you but does no damage.
You closely miss the killer bee.
The killer bee is severely wounded.
You feel sick. The killer bee closely misses you. The killer bee stings you!
* * * LOW HITPOINT WARNING * * *
You block the killer bee's attack. The killer bee closely misses you.
You feel better. You block the killer bee's attack. x3
The killer bee barely misses you.
You block the killer bee's attack. x3; The killer bee stings you.
* * * LOW HITPOINT WARNING * * *
You hit the killer bee.
You kill the killer bee!
The killer bee is distracted by your dazzling golden aura. x2
You closely miss the killer bee.
The killer bee is no longer distracted by gold.
The killer bee buzzes angrily. x2
The killer bee barely misses you. The killer bee stings you.
* * * LOW HITPOINT WARNING * * *
Casting: Foxfire (safe; 1% risk of failure)
Confirm with . or Enter, or press ? or * to list all spells.
You feel a surge of power!
You conjure some foxfire!
The killer bee stings you!
* * * LOW HITPOINT WARNING * * *
The killer bee stings you.
You die...
Your body crumbles into a pile of gold.

### #...).....
#.###....#####
#..##....#####
#...[###......
##.##.#
####.##
##.$##..# #.#≈
#..####.# #.#≈
###.## .#
...#≈ #@y.# ..
.##.#≈ #v###
#.. #.## # #y#
#. #.. #. #D#
#.. #J# ##...
#o# $
....yy##.#
#.......#
#...y#........


You could see a steam dragon, a jelly, 2 killer bees and an orc.

Vanquished Creatures
  Sigmund (D:3)
  A steam dragon (D:7)
  Menkaure (Ossuary)
  A water moccasin (D:7)
  2 orc warriors
  A sky beast (D:7)
  An ice beast (D:6)
  2 black bears
  5 ogres
  3 centaurs
  A phantom (D:6)
  A kobold brigand (D:7)
  Blork the orc (D:6)
  A gnoll sergeant (D:7)
  2 killer bees (D:8)
  A centaur zombie (D:8)
  A bullfrog zombie (D:6)
  2 jellies
  3 orc priests
  Crazy Yiuf (D:2)
  A gnoll shaman (D:7)
  A centaur skeleton (D:7)
  A scorpion zombie (D:5)
  Terence (D:2)
  Natasha (twice) (D:2)
  An iguana (D:6)
  5 orc wizards
  A hound skeleton (D:4)
  3 mummies (Ossuary)
  13 adders
  6 gnolls (D:7)
  2 howler monkey skeletons
  A shadow imp (D:5)
  A white imp (D:8)
  An ufetubus (D:7)
  An adder zombie (D:5)
  2 worms
  2 dart slugs
  14 orcs
  5 bats
  6 endoplasms
  2 giant cockroaches
  5 gnoll zombies (Ossuary)
  6 goblins
  8 hobgoblins
  4 jackals
  3 quokkas
  9 ball pythons
  A frilled lizard (D:2)
  A gnoll skeleton (Ossuary)
  4 goblin skeletons (Ossuary)
  4 goblin zombies (Ossuary)
  A hobgoblin skeleton (Ossuary)
  3 hobgoblin zombies (Ossuary)
  14 kobolds
  4 kobold skeletons (Ossuary)
  7 kobold zombies (Ossuary)
  7 orc skeletons (Ossuary)
  2 orc zombies (Ossuary)
  12 rats
  8 rat skeletons (Ossuary)
  4 rat zombies (Ossuary)
211 creatures vanquished.

Vanquished Creatures (collateral kills)
  10 foxfires
10 creatures vanquished.

Vanquished Creatures (others)
  A dart slug (D:4)
  A hobgoblin (D:4)
  2 kobolds (D:4)
  1060 foxfires
  A plant (D:1)
  5 withered plants (D:1)
1070 creatures vanquished.

Grand Total: 1291 creatures vanquished

Notes
Turn   | Place    | Note
-------+----------+-------------------------------------------
     0 | D:1      | Descartes the Deep Elf Fire Elementalist began the quest
                  | for the Orb.
     0 | D:1      | Reached XP level 1. HP: 10/10 MP: 6/6
   205 | D:1      | Found a faded altar of an unknown god.
   350 | D:1      | Reached XP level 2. HP: 15/15 MP: 5/8
  1067 | D:1      | Learned a level 2 spell: Poisonous Vapours
  1221 | D:2      | Reached skill level 4 in Fire Magic
  1221 | D:2      | Reached XP level 3. HP: 19/19 MP: 4/9
  1482 | D:2      | Reached skill level 1 in Shields
  1657 | D:2      | Noticed Terence
  1664 | D:2      | Killed Terence
  1665 | D:2      | Reached XP level 4. HP: 24/24 MP: 2/10
  1909 | D:2      | Noticed Natasha
  1912 | D:2      | Killed Natasha
  2006 | D:2      | Found a runed translucent door.
  2007 | D:2      | Noticed Crazy Yiuf
  2050 | D:2      | Found an iron altar of Okawaru.
  2660 | D:2      | Noticed Natasha
  2667 | D:2      | Killed Natasha
  2668 | D:2      | Reached XP level 5. HP: 23/28 MP: 4/11
  2819 | D:2      | Killed Crazy Yiuf
  3095 | D:3      | Noticed an ogre
  3105 | D:3      | Killed an ogre
  3106 | D:3      | Reached skill level 5 in Fire Magic
  3106 | D:3      | Reached XP level 6. HP: 31/32 MP: 7/12
  3237 | D:3      | Found a transporter.
  3249 | D:3      | Found a transporter.
  3374 | D:3      | Noticed Sigmund
  3390 | D:3      | Killed Sigmund
  3457 | D:3      | Noticed AZSletch's ghost (weakling DsGl)
  3939 | D:4      | Reached XP level 7. HP: 36/36 MP: 1/13
  3950 | D:4      | Found a hazy altar of Hepliaklqana.
  4004 | D:4      | Found a shimmering altar of Xom.
  4007 | D:4      | Reached skill level 5 in Conjurations
  4007 | D:4      | Reached skill level 6 in Fire Magic
  4029 | D:4      | Found a sand-covered staircase.
  4034 | Ossuary  | Entered an ossuary
  5036 | Ossuary  | Noticed Menkaure
  5054 | Ossuary  | Killed Menkaure
  5548 | D:4      | Found a burning altar of Makhleb.
  5603 | D:5      | Entered Level 5 of the Dungeon
  5613 | D:5      | Reached skill level 7 in Fire Magic
  5687 | D:5      | Found Derinergh's Book Shop.
  5891 | D:5      | Reached XP level 8. HP: 41/41 MP: 8/14
  5896 | D:5      | Learned a level 4 spell: Sticky Flame
  5902 | D:5      | Learned a level 5 spell: Fireball
  5996 | D:5      | Reached skill level 8 in Fire Magic
  6272 | D:5      | Found Vurarphi's Weapon Emporium.
  6458 | D:4      | Found Hiohum's Assorted Antiques.
  6552 | D:4      | Found a staircase to the Ecumenical Temple.
  6564 | Temple   | Entered the Ecumenical Temple
  6688 | Temple   | Became a worshipper of Gozag Ym Sagoz the Greedy
  6768 | D:4      | Found a sparkling altar of Nemelex Xobeh.
  6768 | D:4      | Found a transporter.
  6780 | D:4      | Identified the +6 dagger of Beogh's Benevolence {vorpal,
                  | rCorr}
  6868 | D:4      | Bought a scroll labelled HINIOG RING for 25 gold pieces
  6868 | D:4      | Bought a silvery potion for 22 gold pieces
  6868 | D:4      | Bought a scroll labelled HABRUT LUORREB for 25 gold pieces
  6925 | D:5      | Found a shadowy altar of Dithmenos.
  7045 | D:5      | Reached skill level 9 in Fire Magic
  7543 | D:6      | Reached skill level 10 in Fire Magic
  7543 | D:6      | Reached skill level 1 in Poison Magic
  7601 | D:6      | Noticed Blork the orc
  7609 | D:6      | Killed Blork the orc
  7877 | D:6      | Reached skill level 1 in Evocations
  8278 | D:4      | Bought a scratched coral ring for 125 gold pieces
  8464 | D:7      | Reached XP level 9. HP: 45/45 MP: 8/15
 10106 | D:8      | Slain by a killer bee

Illustrated notes

Levels and vault maps discovered:
D:1:      dpeg_arrival_ratfight, layout_basic,
          shapermc_ecumenical_altar_flowoftime, chequers_serial_rivers_micro_c,
          minmay_hedge_maze
D:2:      layout_basic, basic_altar, grunt_decor_junction,
          grunt_decor_arrowhead, uniq_crazy_yiuf_cottage, uniq_terence,
          uniq_natasha
D:3:      layout_rooms, gammafunk_ghost_stat_death, serial_aquarium,
          aquarium_bridge_straight [aquarium_subvault_bridge,
          aquarium_subvault_window, aquarium_subvault_bridge,
          aquarium_subvault_wall], aquarium_bridge_long_separate
          [aquarium_subvault_wall, aquarium_subvault_window,
          aquarium_subvault_bridge, aquarium_subvault_bridge,
          aquarium_subvault_bridge, aquarium_subvault_bridge],
          aquarium_window_corridor_1, aquarium_window_2, aquarium_view_2b,
          aquarium_view_2c, aquarium_balcony_1b, uniq_sigmund
D:4:      layout_basic, grunt_nemelex_the_gamble, xom_confusion_cloud,
          mainiacjoe_overflow_two_lobes, minmay_temple_entry_hall, serial_shops,
          kennysheep_mini, enter_ossuary_2, grunt_decor_cap,
          chequers_decorated_corner
D:5:      layout_gridville, mainiacjoe_overflow_alcove_1, serial_shops,
          shop_coins, kennysheep_little_box
D:6:      layout_basic, uniq_menkaure, uniq_blork_the_orc
D:7:      layout_loops_corners
D:8:      layout_rooms, serial_aquarium, aquarium_bridge_long_joined
          [aquarium_subvault_wall, aquarium_subvault_bridge,
          aquarium_subvault_wall, aquarium_subvault_wall,
          aquarium_subvault_wall, aquarium_subvault_bridge],
          aquarium_bridge_island_small [aquarium_subvault_small_open,
          aquarium_subvault_wall, aquarium_subvault_wall,
          aquarium_subvault_wall, aquarium_subvault_bridge],
          aquarium_window_corridor_1, aquarium_window_fake,
          aquarium_window_corner, aquarium_view_2a, aquarium_view_2c,
          aquarium_pool_1, enter_bailey_1
Temple:   lightli_temple_of_artemis

Skill      XL: |  1  2  3  4  5  6  7  8  9 |
---------------+----------------------------+-----
Conjurations   | 2 3 4 5 6 |  6.2
Fire Magic     | 4 5 7 10 | 10.0
Shields        | 1 2 3 4 |  4.0
Poison Magic   | 2 3 |  3.9
Stealth        | 3 4 |  4.9
Evocations     | 1 3 |  3.4
Dodging        | 3 4 |  4.7
Spellcasting   | |  3.0

Action                   |  1- 3 |  4- 6 |  7- 9 || total
-------------------------+-------+-------+-------++-------
Melee: Dagger            |   101 |       |    20 ||   121
       Mace              |       |       |     6 ||     6
 Cast: Foxfire           |    90 |   123 |   428 ||   641
  Use: Scroll            |       |     6 |     7 ||    13
       Potion            |       |       |     1 ||     1
Armor: Robe              |     1 |     2 |    12 ||    15
       Leather armour    |       |       |    24 ||    24
Dodge: Dodged            |    16 |    13 |    71 ||   100
Block: Buckler           |       |     6 |    37 ||    43
       Reflection        |       |     2 |     4 ||     6
